[ AOE2 MATCH · #506533090 ]
UnrankedBengalis vs Bohemians
Player's team · LOSS
[ REPLAY ANALYSIS · EXTRACTED FROM THE RECORDED GAME ]
Feudal
12:11
Castle
15:41
Imperial
28:01
| APM avg | 45.4 |
| APM peak | 85 |
| eAPM avg | 27.1 |
| Villagers / military | 126 / 171 |
Focus
⚔️ 42.2% · 🌾 57.8%
Skirmisher ×76 · Spearman ×71 · Ratha (Ranged) ×13 · Trebuchet (Packed) ×9 · Monk ×2
Feudal
11:26
Castle
19:07
Imperial
32:15
| APM avg | 22.7 |
| APM peak | 53 |
| eAPM avg | 14.4 |
| Villagers / military | 117 / 125 |
Focus
⚔️ 29.8% · 🌾 70.2%
Spearman ×106 · Unknown (1974) ×89 · Unknown (1968) ×17 · Skirmisher ×8 · Traction Trebuchet ×7 · Monk ×3
Feudal
11:10
Castle
15:47
Imperial
40:49
| APM avg | 21.7 |
| APM peak | 61 |
| eAPM avg | 11.5 |
| Villagers / military | 67 / 71 |
Focus
⚔️ 32.8% · 🌾 67.2%
Spearman ×32 · Skirmisher ×23 · Hussite Wagon ×13 · Bombard Cannon ×2 · Monk ×1
Feudal
11:22
Castle
15:27
Imperial
25:44
| APM avg | 30.2 |
| APM peak | 55 |
| eAPM avg | 18.2 |
| Villagers / military | 76 / 83 |
Focus
⚔️ 29.8% · 🌾 70.2%
Scout Cavalry ×42 · Janissary ×26 · Petard ×4 · Trebuchet (Packed) ×4 · Mangonel ×3 · Scorpion ×2
Feudal
12:06
Castle
15:36
Imperial
28:13
| APM avg | 23.0 |
| APM peak | 63 |
| eAPM avg | 13.9 |
| Villagers / military | 97 / 410 |
Focus
⚔️ 33.1% · 🌾 66.9%
Huskarl ×326 · Spearman ×81 · Trebuchet (Packed) ×2 · Militia ×1
Feudal
9:35
Castle
15:35
Imperial
29:42
| APM avg | 28.6 |
| APM peak | 77 |
| eAPM avg | 21.2 |
| Villagers / military | 182 / 197 |
Focus
⚔️ 36.5% · 🌾 63.5%
Magyar Huszar ×133 · Cavalry Archer ×60 · Trebuchet (Packed) ×4
Feudal
9:41
Castle
12:46
Imperial
29:17
| APM avg | 32.3 |
| APM peak | 90 |
| eAPM avg | 20.8 |
| Villagers / military | 234 / 263 |
Focus
⚔️ 38.9% · 🌾 61.1%
Battle Elephant ×95 · Skirmisher ×92 · Scorpion ×44 · Scout Cavalry ×17 · Trebuchet (Packed) ×7 · Knight ×6
Feudal
12:13
Castle
15:55
Imperial
31:01
| APM avg | 37.7 |
| APM peak | 90 |
| eAPM avg | 13.9 |
| Villagers / military | 96 / 35 |
Focus
⚔️ 19.8% · 🌾 80.2%
Genoese Crossbowman ×19 · Bombard Cannon ×9 · Mangonel ×4 · Trebuchet (Packed) ×3
Match map
Initial resources + every placement click. Lines = walls · curves = elevation contours. ◆ gold · ⬟ stone · ● berries · ✦ relic · ◌ wall gap
Your base· ✓ Closed at 15:41 · 0t walls · 2 gate(s)
12345's base· ✓ Closed at 19:07 · 0t walls · 2 gate(s)
DD2E Badu Lake's base· ✓ Closed at 15:47 · 0t walls · 2 gate(s)
Thorin Escudo de Roble's base· ✓ Closed at 15:27 · 0t walls · 2 gate(s)
DD2E 00000000's base· ✓ Closed at 15:36 · 0t walls · 2 gate(s)
Wakabayashi90's base· ✓ Closed at 15:35 · 0t walls · 2 gate(s)
|DD2E| Poloisses's base· ✓ Closed at 12:46 · 0t walls · 2 gate(s)
Eldiano's base· ✓ Closed at 15:55 · 0t walls · 2 gate(s)
Smoothed initial terrain · ◌ = detected wall gap · hover for details
Inputs per minute
— TodoCode - - 12345
Build order — TodoCode
First 150 of 498 actions detected
| 0:00 | Queue | Villager (Male) |
| 0:01 | Queue | Villager (Male) |
| 0:01 | Queue | Villager (Male) |
| 0:02 | Queue | Villager (Male) |
| 0:04 | Build | House |
| 0:06 | Build | House |
| 1:26 | Queue | Villager (Male) |
| 1:26 | Queue | Villager (Male) |
| 1:47 | Queue | Villager (Male) |
| 1:47 | Queue | Villager (Male) |
| 1:50 | Build | Lumber Camp |
| 2:21 | Queue | Villager (Male) |
| 2:21 | Queue | Villager (Male) |
| 2:35 | Queue | Villager (Male) |
| 2:36 | Queue | Villager (Male) |
| 2:55 | Queue | Villager (Male) |
| 2:56 | Queue | Villager (Male) |
| 3:35 | Queue | Villager (Male) |
| 3:36 | Queue | Villager (Male) |
| 3:58 | Build | House |
| 4:00 | Build | House |
| 4:04 | Queue | Villager (Male) |
| 4:05 | Queue | Villager (Male) |
| 4:25 | Queue | Villager (Male) |
| 4:25 | Queue | Villager (Male) |
| 4:30 | Build | Mill |
| 4:47 | Queue | Villager (Male) |
| 4:47 | Queue | Villager (Male) |
| 5:11 | Queue | Villager (Male) |
| 5:11 | Queue | Villager (Male) |
| 5:11 | Queue | Villager (Male) |
| 5:41 | Queue | Villager (Male) |
| 5:41 | Queue | Villager (Male) |
| 5:42 | Queue | Villager (Male) |
| 5:53 | Queue | Villager (Male) |
| 5:53 | Queue | Villager (Male) |
| 6:29 | Queue | Villager (Male) |
| 6:38 | Build | Farm |
| 6:42 | Queue | Villager (Male) |
| 6:52 | Build | Farm |
| 6:56 | Build | Mining Camp |
| 7:16 | Build | House |
| 7:18 | Queue | Villager (Male) |
| 8:03 | Queue | Villager (Male) |
| 8:34 | Queue | Villager (Male) |
| 8:37 | Build | Lumber Camp |
| 9:09 | Queue | Villager (Male) |
| 9:24 | Queue | Villager (Male) |
| 9:25 | Research | Feudal Age |
| 9:46 | Build | Mining Camp |
| 10:04 | Queue | Villager (Male) |
| 10:04 | Queue | Villager (Male) |
| 10:10 | Build | Farm |
| 10:54 | Build | House |
| 11:27 | Queue | Villager (Male) |
| 12:11 | Age | Feudal Age |
| 12:13 | Build | Market |
| 12:14 | Build | Blacksmith |
| 13:00 | Research | Castle Age |
| 13:00 | Research | Castle Age |
| 13:17 | Build | House |
| 13:18 | Build | House |
| 13:22 | Research | Double-Bit Axe |
| 13:22 | Research | Double-Bit Axe |
| 13:26 | Research | Horse Collar |
| 13:27 | Research | Horse Collar |
| 14:48 | Research | Loom |
| 15:18 | Research | Forging |
| 15:18 | Research | Forging |
| 15:31 | Research | Gold Mining |
| 15:32 | Research | Gold Mining |
| 15:41 | Age | Castle Age |
| 15:44 | Research | Bow Saw |
| 15:44 | Research | Bow Saw |
| 15:49 | Build | Town Center |
| 16:07 | Build | Castle |
| 16:09 | Queue | Villager (Male) |
| 16:50 | Queue | Villager (Male) |
| 16:57 | Build | Monastery |
| 16:59 | Queue | Villager (Male) |
| 17:06 | Build | Town Center |
| 17:12 | Build | House |
| 17:13 | Queue | Monk |
| 17:16 | Queue | Villager (Male) |
| 17:19 | Build | Farm |
| 17:29 | Build | Farm |
| 17:29 | Build | Farm |
| 17:30 | Build | Farm |
| 17:30 | Build | Farm |
| 17:36 | Build | House |
| 17:38 | Queue | Villager (Male) |
| 17:38 | Queue | Villager (Male) |
| 17:43 | Build | Farm |
| 18:25 | Build | Castle |
| 18:34 | Queue | Villager (Male) |
| 18:50 | Queue | Villager (Male) |
| 18:54 | Build | Farm |
| 18:56 | Build | Farm |
| 18:59 | Build | Farm |
| 19:00 | Queue | Villager (Male) |
| 19:04 | Build | Farm |
| 19:06 | Build | Farm |
| 19:09 | Build | Farm |
| 19:25 | Queue | Monk |
| 19:32 | Queue | Villager (Male) |
| 19:32 | Queue | Villager (Male) |
| 19:32 | Queue | Villager (Male) |
| 19:38 | Build | Farm |
| 19:44 | Build | Farm |
| 19:45 | Build | Farm |
| 19:46 | Build | Farm |
| 19:47 | Build | Farm |
| 19:49 | Queue | Villager (Male) |
| 20:12 | Queue | Ratha (Ranged) |
| 20:13 | Queue | Ratha (Ranged) |
| 20:22 | Build | Lumber Camp |
| 20:26 | Queue | Villager (Male) |
| 20:26 | Queue | Villager (Male) |
| 20:26 | Queue | Villager (Male) |
| 20:27 | Queue | Villager (Male) |
| 20:27 | Queue | Villager (Male) |
| 20:27 | Queue | Villager (Male) |
| 20:54 | Queue | Villager (Male) |
| 20:54 | Queue | Villager (Male) |
| 20:55 | Queue | Villager (Male) |
| 21:00 | Queue | Ratha (Ranged) |
| 21:07 | Queue | Ratha (Ranged) |
| 21:12 | Queue | Villager (Male) |
| 21:13 | Queue | Villager (Male) |
| 21:16 | Build | Farm |
| 21:17 | Build | Farm |
| 21:32 | Build | Farm |
| 21:43 | Build | Farm |
| 21:44 | Queue | Villager (Male) |
| 22:10 | Queue | Villager (Male) |
| 22:10 | Queue | Villager (Male) |
| 22:10 | Queue | Villager (Male) |
| 22:10 | Queue | Villager (Male) |
| 22:11 | Queue | Villager (Male) |
| 22:11 | Queue | Villager (Male) |
| 22:31 | Queue | Villager (Male) |
| 22:31 | Queue | Villager (Male) |
| 22:40 | Build | Mill |
| 22:42 | Build | Farm |
| 22:42 | Build | Farm |
| 22:42 | Build | Farm |
| 22:42 | Build | Farm |
| 22:43 | Build | Farm |
| 22:43 | Build | Farm |
| 22:44 | Build | Farm |
Build order — 12345
First 150 of 358 actions detected
| 0:06 | Research | Loom |
| 0:06 | Queue | Villager (Male) |
| 0:06 | Queue | Villager (Male) |
| 0:07 | Queue | Villager (Male) |
| 0:07 | Queue | Villager (Male) |
| 0:08 | Build | House |
| 0:09 | Build | House |
| 0:10 | Build | House |
| 0:11 | Build | House |
| 0:24 | Build | House |
| 1:43 | Queue | Villager (Male) |
| 1:43 | Queue | Villager (Male) |
| 2:15 | Queue | Villager (Male) |
| 2:15 | Queue | Villager (Male) |
| 2:35 | Queue | Villager (Male) |
| 3:09 | Queue | Villager (Male) |
| 3:10 | Queue | Villager (Male) |
| 3:37 | Queue | Villager (Male) |
| 3:38 | Queue | Villager (Male) |
| 4:02 | Queue | Villager (Male) |
| 4:02 | Queue | Villager (Male) |
| 4:30 | Queue | Villager (Male) |
| 4:30 | Queue | Villager (Male) |
| 4:31 | Queue | Villager (Male) |
| 4:47 | Build | Lumber Camp |
| 5:00 | Queue | Villager (Male) |
| 5:33 | Queue | Villager (Male) |
| 5:43 | Queue | Villager (Male) |
| 6:00 | Build | Mill |
| 6:04 | Build | Mill |
| 6:05 | Queue | Villager (Male) |
| 6:06 | Queue | Villager (Male) |
| 6:28 | Queue | Villager (Male) |
| 7:31 | Queue | Villager (Male) |
| 7:41 | Build | House |
| 7:42 | Build | House |
| 7:43 | Build | House |
| 7:44 | Build | House |
| 7:53 | Queue | Villager (Male) |
| 7:53 | Queue | Villager (Male) |
| 9:05 | Build | Mining Camp |
| 9:15 | Research | Feudal Age |
| 9:23 | Build | Mining Camp |
| 9:37 | Queue | Villager (Male) |
| 11:26 | Age | Feudal Age |
| 11:27 | Research | Double-Bit Axe |
| 11:29 | Queue | Villager (Male) |
| 11:50 | Queue | Villager (Male) |
| 11:57 | Build | Market |
| 12:03 | Queue | Villager (Male) |
| 12:22 | Build | Blacksmith |
| 12:24 | Build | House |
| 12:24 | Build | House |
| 12:31 | Queue | Villager (Male) |
| 12:46 | Build | Farm |
| 12:47 | Build | Farm |
| 12:48 | Build | Farm |
| 12:49 | Build | Farm |
| 12:50 | Build | Farm |
| 12:51 | Build | Farm |
| 12:54 | Queue | Villager (Male) |
| 13:10 | Build | Farm |
| 13:13 | Build | Farm |
| 13:33 | Queue | Villager (Male) |
| 14:06 | Queue | Villager (Male) |
| 14:11 | Build | Barracks |
| 14:23 | Queue | Villager (Male) |
| 14:31 | Queue | Villager (Male) |
| 14:53 | Build | Farm |
| 14:58 | Queue | Villager (Male) |
| 15:05 | Build | House |
| 15:06 | Build | House |
| 15:06 | Build | House |
| 15:15 | Build | Farm |
| 15:16 | Build | Mill |
| 15:44 | Build | Farm |
| 15:50 | Queue | Villager (Male) |
| 16:13 | Build | Farm |
| 16:19 | Research | Castle Age |
| 16:19 | Research | Castle Age |
| 16:22 | Build | Archery Range |
| 16:38 | Queue | Spearman |
| 16:50 | Research | Gold Mining |
| 16:56 | Build | Stable |
| 17:12 | Research | Stone Mining |
| 17:38 | Research | Horse Collar |
| 17:41 | Queue | Villager (Male) |
| 18:04 | Queue | Spearman |
| 18:07 | Queue | Villager (Male) |
| 18:21 | Queue | Villager (Male) |
| 18:26 | Build | House |
| 18:26 | Build | House |
| 18:27 | Build | House |
| 18:27 | Build | House |
| 18:35 | Queue | Spearman |
| 18:37 | Queue | Scout Cavalry |
| 19:07 | Age | Castle Age |
| 19:15 | Research | Bow Saw |
| 19:15 | Research | Heavy Plow |
| 19:17 | Queue | Villager (Male) |
| 19:23 | Build | Town Center |
| 19:43 | Build | Monastery |
| 19:56 | Queue | Villager (Male) |
| 20:18 | Queue | Villager (Male) |
| 20:26 | Build | House |
| 20:27 | Build | House |
| 20:27 | Build | House |
| 20:27 | Build | House |
| 20:30 | Queue | Monk |
| 20:30 | Queue | Monk |
| 20:36 | Build | House |
| 20:37 | Build | House |
| 20:41 | Queue | Villager (Male) |
| 20:57 | Build | Town Center |
| 21:30 | Queue | Villager (Male) |
| 21:30 | Queue | Villager (Male) |
| 21:31 | Queue | Villager (Male) |
| 21:40 | Queue | Villager (Male) |
| 21:42 | Build | Farm |
| 22:05 | Build | Town Center |
| 22:08 | Queue | Villager (Male) ×5 |
| 22:20 | Queue | Monk |
| 22:25 | Build | Farm |
| 22:27 | Build | Farm |
| 22:28 | Queue | Villager (Male) ×4 |
| 22:36 | Build | House |
| 22:44 | Queue | Villager (Male) |
| 22:46 | Build | Farm |
| 22:48 | Queue | Villager (Male) |
| 22:54 | Build | Farm |
| 23:03 | Build | House |
| 23:03 | Build | House |
| 23:04 | Build | House |
| 23:05 | Build | House |
| 23:09 | Queue | Villager (Male) |
| 23:09 | Queue | Villager (Male) |
| 23:16 | Build | Castle |
| 23:20 | Build | Farm |
| 23:22 | Queue | Villager (Male) |
| 23:28 | Build | Farm |
| 23:56 | Queue | Villager (Male) |
| 23:57 | Queue | Villager (Male) |
| 23:57 | Queue | Villager (Male) |
| 23:59 | Build | Farm |
| 23:59 | Build | Farm |
| 24:01 | Queue | Villager (Male) |
| 24:06 | Build | Farm |
| 24:07 | Build | Farm |
| 24:09 | Queue | Villager (Male) |
| 24:12 | Build | Farm |
Build order — DD2E Badu Lake
First 150 of 217 actions detected
| 0:03 | Build | House |
| 0:04 | Queue | Villager (Male) |
| 0:04 | Queue | Villager (Male) |
| 0:04 | Queue | Villager (Male) |
| 0:05 | Build | House |
| 0:36 | Queue | Villager (Male) |
| 0:36 | Queue | Villager (Male) |
| 1:37 | Queue | Villager (Male) |
| 1:37 | Queue | Villager (Male) |
| 2:06 | Queue | Villager (Male) |
| 2:20 | Build | Lumber Camp |
| 2:36 | Queue | Villager (Male) |
| 3:02 | Queue | Villager (Male) |
| 3:12 | Queue | Villager (Male) |
| 3:38 | Build | House |
| 3:50 | Queue | Villager (Male) |
| 4:19 | Build | House |
| 4:39 | Queue | Villager (Male) |
| 4:39 | Queue | Villager (Male) |
| 4:39 | Queue | Villager (Male) |
| 4:48 | Build | House |
| 5:35 | Queue | Villager (Male) |
| 6:00 | Build | Mill |
| 6:05 | Queue | Villager (Male) |
| 6:06 | Queue | Villager (Male) |
| 6:12 | Queue | Villager (Male) |
| 6:29 | Queue | Villager (Male) |
| 6:56 | Queue | Villager (Male) |
| 6:56 | Queue | Villager (Male) |
| 7:47 | Queue | Villager (Male) |
| 8:09 | Research | Feudal Age |
| 8:29 | Build | Mining Camp |
| 9:10 | Build | Mining Camp |
| 10:09 | Build | Farm |
| 10:55 | Queue | Villager (Male) |
| 11:10 | Age | Feudal Age |
| 11:20 | Build | Market |
| 11:47 | Build | Blacksmith |
| 11:59 | Queue | Villager (Male) |
| 12:04 | Build | Farm |
| 12:05 | Build | Farm |
| 12:16 | Build | Farm |
| 12:28 | Build | Farm |
| 12:29 | Build | Farm |
| 13:07 | Research | Castle Age |
| 13:17 | Build | House |
| 13:18 | Build | House |
| 13:21 | Build | House |
| 13:23 | Build | House |
| 15:22 | Queue | Villager (Male) |
| 15:22 | Queue | Villager (Male) |
| 15:47 | Age | Castle Age |
| 15:52 | Build | Castle |
| 16:02 | Build | Castle |
| 16:52 | Build | Farm |
| 16:53 | Build | Farm |
| 17:05 | Research | Fletching |
| 17:14 | Build | University |
| 17:23 | Queue | Hussite Wagon |
| 17:23 | Queue | Hussite Wagon |
| 17:23 | Queue | Hussite Wagon |
| 17:24 | Queue | Hussite Wagon |
| 17:31 | Queue | Villager (Male) |
| 17:31 | Queue | Villager (Male) |
| 17:31 | Queue | Villager (Male) |
| 17:32 | Queue | Villager (Male) |
| 18:06 | Queue | Hussite Wagon |
| 18:06 | Queue | Hussite Wagon |
| 18:49 | Queue | Villager (Male) |
| 18:50 | Queue | Villager (Male) |
| 18:51 | Queue | Villager (Male) |
| 19:40 | Build | Stone Wall |
| 19:56 | Build | Stone Wall |
| 20:03 | Research | Fortified Wall (upgrade) |
| 20:14 | Build | Castle |
| 20:39 | Research | Bodkin Arrow |
| 21:02 | Queue | Hussite Wagon |
| 21:19 | Research | Scale Mail Armor |
| 21:27 | Build | Monastery |
| 21:56 | Queue | Hussite Wagon |
| 22:05 | Queue | Villager (Male) |
| 22:05 | Queue | Villager (Male) |
| 22:21 | Queue | Hussite Wagon |
| 23:02 | Build | Stone Wall |
| 23:11 | Build | Town Center |
| 23:20 | Queue | Hussite Wagon |
| 23:49 | Queue | Villager (Male) |
| 23:50 | Queue | Villager (Male) |
| 23:51 | Research | Loom |
| 24:21 | Research | Fervor |
| 24:24 | Research | Wheelbarrow |
| 24:47 | Build | Town Center |
| 25:06 | Build | Barracks |
| 25:18 | Queue | Monk |
| 25:25 | Queue | Villager (Male) |
| 25:26 | Queue | Villager (Male) |
| 25:35 | Queue | Hussite Wagon |
| 26:12 | Build | Gate |
| 26:18 | Build | House |
| 26:21 | Build | House |
| 26:34 | Queue | Hussite Wagon |
| 26:34 | Queue | Hussite Wagon |
| 26:54 | Build | Lumber Camp |
| 27:08 | Queue | Villager (Male) |
| 27:11 | Queue | Villager (Male) |
| 27:11 | Queue | Villager (Male) |
| 28:55 | Build | Castle |
| 29:11 | Research | Ballistics |
| 29:22 | Build | Farm |
| 29:22 | Build | Farm |
| 29:23 | Build | Farm |
| 29:23 | Build | Farm |
| 29:23 | Build | Farm |
| 29:24 | Build | Farm |
| 29:24 | Build | Farm |
| 29:24 | Build | Farm |
| 29:24 | Build | Farm |
| 29:25 | Build | Farm |
| 29:50 | Build | Archery Range |
| 30:06 | Build | Siege Workshop |
| 30:16 | Research | Chemistry |
| 31:44 | Build | Stone Wall |
| 32:08 | Build | Stone Wall |
| 32:11 | Build | Stone Wall |
| 32:14 | Build | Stone Wall |
| 32:38 | Build | Town Center |
| 32:39 | Build | Farm |
| 32:39 | Build | Farm |
| 32:40 | Build | Farm |
| 32:40 | Build | Farm |
| 32:40 | Build | Farm |
| 32:44 | Queue | Villager (Male) ×5 |
| 32:44 | Queue | Villager (Male) ×5 |
| 33:40 | Queue | Villager (Male) |
| 33:55 | Build | Siege Workshop |
| 34:21 | Research | Forging |
| 34:24 | Research | Chain Mail Armor |
| 34:27 | Research | Pikeman (upgrade) |
| 34:44 | Build | Archery Range |
| 36:01 | Build | Farm |
| 36:01 | Build | Farm |
| 36:01 | Build | Farm |
| 36:02 | Build | Farm |
| 36:02 | Build | Farm |
| 36:02 | Build | Farm |
| 36:02 | Build | Farm |
| 36:03 | Build | Farm |
| 36:03 | Build | Farm |
| 37:03 | Build | Market |
| 37:11 | Research | Elite Skirmisher (upgrade) |
Build order — Thorin Escudo de Roble
First 150 of 293 actions detected
| 0:03 | Queue | Villager (Male) |
| 0:03 | Queue | Villager (Male) |
| 0:05 | Build | House |
| 0:07 | Build | House |
| 0:18 | Queue | Villager (Male) |
| 0:19 | Queue | Villager (Male) |
| 1:34 | Queue | Villager (Male) |
| 1:35 | Queue | Villager (Male) |
| 2:07 | Queue | Villager (Male) |
| 2:21 | Queue | Villager (Male) |
| 2:21 | Queue | Villager (Male) |
| 2:55 | Queue | Villager (Male) |
| 3:07 | Build | House |
| 3:15 | Build | Lumber Camp |
| 3:43 | Queue | Villager (Male) |
| 3:43 | Queue | Villager (Male) |
| 4:10 | Queue | Villager (Male) |
| 4:15 | Queue | Villager (Male) |
| 4:30 | Queue | Villager (Male) |
| 5:09 | Queue | Villager (Male) |
| 5:52 | Build | Mill |
| 5:56 | Queue | Villager (Male) |
| 6:18 | Build | House |
| 6:31 | Queue | Villager (Male) |
| 6:49 | Queue | Villager (Male) |
| 7:09 | Queue | Villager (Male) |
| 7:27 | Build | Mining Camp |
| 7:57 | Queue | Villager (Male) |
| 8:11 | Queue | Villager (Male) |
| 8:12 | Research | Feudal Age |
| 8:16 | Research | Loom |
| 8:17 | Research | Feudal Age |
| 8:54 | Build | Mining Camp |
| 9:17 | Queue | Villager (Male) |
| 9:17 | Queue | Villager (Male) |
| 9:24 | Build | House |
| 9:48 | Queue | Villager (Male) |
| 11:22 | Age | Feudal Age |
| 11:30 | Build | Market |
| 11:33 | Build | Blacksmith |
| 12:10 | Research | Double-Bit Axe |
| 12:23 | Build | Farm |
| 12:40 | Build | Farm |
| 12:47 | Research | Castle Age |
| 12:50 | Build | Farm |
| 13:22 | Build | Farm |
| 13:26 | Build | Farm |
| 13:56 | Build | House |
| 14:35 | Research | Horse Collar |
| 15:27 | Age | Castle Age |
| 15:31 | Build | Lumber Camp |
| 15:49 | Build | Castle |
| 15:53 | Queue | Villager (Male) |
| 15:54 | Queue | Villager (Male) |
| 15:56 | Build | Farm |
| 15:56 | Build | Farm |
| 15:58 | Queue | Villager (Male) |
| 16:21 | Build | Castle |
| 17:05 | Build | Mill |
| 17:08 | Queue | Villager (Male) |
| 17:14 | Build | Farm |
| 17:16 | Queue | Villager (Male) |
| 17:38 | Queue | Villager (Male) |
| 17:42 | Build | Farm |
| 17:42 | Build | Farm |
| 17:42 | Build | Farm |
| 18:27 | Queue | Villager (Male) |
| 18:27 | Queue | Villager (Male) |
| 18:41 | Build | Siege Workshop |
| 18:58 | Build | Farm |
| 19:01 | Queue | Villager (Male) |
| 19:03 | Queue | Villager (Male) |
| 19:26 | Queue | Villager (Male) |
| 19:28 | Queue | Mangonel |
| 19:38 | Queue | Janissary |
| 20:40 | Queue | Villager (Male) |
| 20:40 | Queue | Villager (Male) |
| 20:45 | Build | Farm |
| 20:46 | Build | Farm |
| 21:08 | Queue | Villager (Male) |
| 21:11 | Build | Mill |
| 21:12 | Build | Farm |
| 21:12 | Build | Farm |
| 21:12 | Build | Farm |
| 21:14 | Queue | Villager (Male) |
| 21:23 | Research | Fletching |
| 21:40 | Build | Farm |
| 21:43 | Build | Farm |
| 21:50 | Build | Farm |
| 21:57 | Build | Farm |
| 22:34 | Research | Imperial Age |
| 22:45 | Queue | Mangonel |
| 22:47 | Queue | Villager (Male) |
| 22:57 | Build | Mill |
| 22:58 | Build | Farm |
| 22:58 | Build | Farm |
| 22:58 | Build | Farm |
| 23:24 | Queue | Janissary |
| 23:36 | Build | Lumber Camp |
| 23:52 | Queue | Villager (Male) |
| 23:58 | Build | House |
| 23:59 | Build | House |
| 24:05 | Build | Lumber Camp |
| 24:46 | Queue | Villager (Male) |
| 24:46 | Queue | Villager (Male) |
| 24:49 | Queue | Janissary |
| 24:50 | Queue | Janissary |
| 24:52 | Research | Padded Archer Armor |
| 25:24 | Queue | Villager (Male) |
| 25:30 | Queue | Scorpion |
| 25:31 | Queue | Scorpion |
| 25:44 | Age | Imperial Age |
| 25:50 | Build | Palisade Wall |
| 26:04 | Queue | Trebuchet (Packed) |
| 26:12 | Queue | Villager (Male) |
| 26:31 | Build | Barracks |
| 26:36 | Queue | Trebuchet (Packed) |
| 26:36 | Queue | Trebuchet (Packed) |
| 26:54 | Build | Palisade Wall |
| 27:03 | Queue | Villager (Male) |
| 27:06 | Build | Farm |
| 27:06 | Build | Farm |
| 28:01 | Queue | Mangonel |
| 28:06 | Queue | Bombard Cannon |
| 28:08 | Build | House |
| 28:13 | Build | House |
| 28:18 | Build | Palisade Wall |
| 28:23 | Build | House |
| 28:29 | Build | House |
| 28:30 | Build | Stone Wall |
| 28:54 | Build | House |
| 28:59 | Build | House |
| 29:04 | Build | House |
| 29:09 | Build | Stone Wall |
| 29:20 | Queue | Janissary |
| 29:20 | Queue | Janissary |
| 29:33 | Queue | Janissary |
| 29:39 | Queue | Janissary |
| 29:39 | Queue | Janissary |
| 30:04 | Queue | Janissary |
| 30:20 | Queue | Villager (Male) |
| 30:21 | Queue | Villager (Male) |
| 30:28 | Build | Stable |
| 30:29 | Build | Stable |
| 30:33 | Build | Stable |
| 30:38 | Build | Stable |
| 30:55 | Build | Mining Camp |
| 31:42 | Queue | Janissary |
| 31:42 | Queue | Janissary |
| 31:43 | Queue | Villager (Male) |
Build order — DD2E 00000000
First 150 of 374 actions detected
| 0:02 | Queue | Villager (Male) |
| 0:02 | Queue | Villager (Male) |
| 0:03 | Build | House |
| 0:05 | Build | House |
| 0:06 | Research | Loom |
| 0:06 | Queue | Villager (Male) |
| 0:06 | Queue | Villager (Male) |
| 1:56 | Queue | Villager (Male) |
| 1:56 | Queue | Villager (Male) |
| 2:46 | Queue | Villager (Male) |
| 2:51 | Build | Mill |
| 3:07 | Queue | Villager (Male) |
| 3:07 | Queue | Villager (Male) |
| 3:37 | Build | House |
| 3:42 | Build | House |
| 3:56 | Queue | Villager (Male) |
| 4:20 | Queue | Villager (Male) |
| 4:44 | Queue | Villager (Male) |
| 4:53 | Queue | Villager (Male) |
| 5:09 | Queue | Villager (Male) |
| 5:22 | Queue | Villager (Male) |
| 5:53 | Queue | Villager (Male) |
| 5:53 | Queue | Villager (Male) |
| 6:44 | Queue | Villager (Male) |
| 6:44 | Queue | Villager (Male) |
| 7:09 | Queue | Villager (Male) |
| 7:27 | Queue | Villager (Male) |
| 7:38 | Build | House |
| 7:49 | Build | Lumber Camp |
| 8:18 | Build | House |
| 8:49 | Queue | Villager (Male) |
| 9:10 | Build | Mining Camp |
| 9:31 | Queue | Villager (Male) |
| 9:44 | Research | Feudal Age |
| 9:55 | Build | Farm |
| 10:02 | Build | Farm |
| 11:13 | Build | Farm |
| 11:56 | Queue | Villager (Male) |
| 11:57 | Queue | Villager (Male) |
| 12:06 | Age | Feudal Age |
| 12:11 | Build | Market |
| 12:15 | Build | Blacksmith |
| 12:28 | Build | House |
| 12:54 | Research | Castle Age |
| 12:54 | Research | Castle Age |
| 13:06 | Build | Farm |
| 13:23 | Build | Farm |
| 13:45 | Queue | Villager (Male) |
| 13:45 | Queue | Villager (Male) |
| 13:53 | Build | Farm |
| 15:36 | Age | Castle Age |
| 15:39 | Build | Town Center |
| 16:25 | Queue | Villager (Male) |
| 16:30 | Build | Town Center |
| 16:36 | Build | Farm |
| 16:54 | Queue | Villager (Male) |
| 16:54 | Queue | Villager (Male) |
| 16:55 | Queue | Villager (Male) |
| 16:57 | Build | Farm |
| 17:10 | Queue | Villager (Male) |
| 17:11 | Queue | Villager (Male) |
| 17:14 | Build | Farm |
| 17:18 | Build | Farm |
| 17:37 | Build | Farm |
| 17:39 | Queue | Villager (Male) |
| 17:39 | Queue | Villager (Male) |
| 17:39 | Queue | Villager (Male) |
| 17:47 | Research | Double-Bit Axe |
| 17:49 | Queue | Villager (Male) |
| 17:55 | Build | Farm |
| 18:03 | Research | Horse Collar |
| 18:19 | Build | Farm |
| 18:24 | Queue | Villager (Male) |
| 18:24 | Queue | Villager (Male) |
| 18:24 | Queue | Villager (Male) |
| 18:36 | Queue | Villager (Male) |
| 18:36 | Queue | Villager (Male) |
| 18:36 | Queue | Villager (Male) |
| 18:40 | Build | Farm |
| 18:46 | Build | Farm |
| 18:53 | Queue | Villager (Male) |
| 18:53 | Queue | Villager (Male) |
| 18:54 | Queue | Villager (Male) |
| 19:11 | Build | Farm |
| 19:25 | Queue | Villager (Male) |
| 19:26 | Queue | Villager (Male) |
| 19:26 | Queue | Villager (Male) |
| 19:30 | Build | House |
| 19:34 | Build | House |
| 19:35 | Build | House |
| 19:42 | Queue | Villager (Male) |
| 19:42 | Queue | Villager (Male) |
| 19:48 | Build | Farm |
| 19:50 | Build | Farm |
| 19:55 | Queue | Villager (Male) |
| 19:55 | Queue | Villager (Male) |
| 19:59 | Build | Farm |
| 20:08 | Build | Farm |
| 20:12 | Queue | Villager (Male) |
| 20:13 | Queue | Villager (Male) |
| 20:43 | Research | Wheelbarrow |
| 20:43 | Research | Wheelbarrow |
| 20:46 | Queue | Villager (Male) |
| 20:54 | Build | Farm |
| 21:01 | Build | Farm |
| 21:03 | Queue | Villager (Male) |
| 21:03 | Queue | Villager (Male) |
| 21:11 | Build | Farm |
| 21:17 | Queue | Villager (Male) |
| 21:17 | Queue | Villager (Male) |
| 21:43 | Queue | Villager (Male) |
| 21:43 | Queue | Villager (Male) |
| 21:44 | Queue | Villager (Male) |
| 21:49 | Build | Farm |
| 21:53 | Build | Farm |
| 22:02 | Build | Farm |
| 22:05 | Queue | Villager (Male) |
| 22:06 | Queue | Villager (Male) |
| 22:06 | Queue | Villager (Male) |
| 22:13 | Build | House |
| 22:13 | Build | House |
| 22:14 | Build | House |
| 22:16 | Build | House |
| 22:42 | Queue | Villager (Male) |
| 22:42 | Queue | Villager (Male) |
| 22:42 | Queue | Villager (Male) |
| 23:09 | Build | Castle |
| 23:24 | Queue | Villager (Male) |
| 23:24 | Queue | Villager (Male) |
| 23:24 | Queue | Villager (Male) |
| 23:30 | Build | Mill |
| 23:33 | Build | Farm |
| 23:37 | Build | Farm |
| 23:41 | Build | Farm |
| 23:43 | Build | Farm |
| 23:47 | Build | Farm |
| 23:50 | Build | Farm |
| 23:53 | Build | Farm |
| 24:07 | Build | Farm |
| 24:27 | Research | Bow Saw |
| 24:29 | Queue | Villager (Male) |
| 24:29 | Queue | Villager (Male) |
| 24:30 | Queue | Villager (Male) |
| 24:31 | Queue | Villager (Male) |
| 24:31 | Queue | Villager (Male) |
| 24:43 | Build | Barracks |
| 25:03 | Research | Imperial Age |
| 25:10 | Build | Barracks |
| 25:21 | Queue | Villager (Male) |
| 25:21 | Queue | Villager (Male) |
Build order — Wakabayashi90
First 150 of 558 actions detected
| 0:01 | Queue | Villager (Male) |
| 0:01 | Queue | Villager (Male) |
| 0:01 | Queue | Villager (Male) |
| 0:02 | Build | House |
| 0:04 | Build | House |
| 0:10 | Queue | Villager (Male) |
| 0:10 | Queue | Villager (Male) |
| 1:24 | Queue | Villager (Male) |
| 1:25 | Queue | Villager (Male) |
| 1:45 | Build | Lumber Camp |
| 1:46 | Queue | Villager (Male) |
| 1:46 | Queue | Villager (Male) |
| 2:20 | Queue | Villager (Male) |
| 2:20 | Queue | Villager (Male) |
| 2:41 | Build | House |
| 2:43 | Build | House |
| 2:47 | Queue | Villager (Male) |
| 2:51 | Queue | Villager (Male) |
| 2:52 | Queue | Villager (Male) |
| 3:52 | Queue | Villager (Male) |
| 3:52 | Queue | Villager (Male) |
| 4:13 | Queue | Villager (Male) |
| 4:13 | Queue | Villager (Male) |
| 4:45 | Queue | Villager (Male) |
| 5:04 | Queue | Villager (Male) |
| 5:20 | Build | Mill |
| 5:23 | Queue | Villager (Male) |
| 5:24 | Queue | Villager (Male) |
| 5:24 | Queue | Villager (Male) |
| 5:25 | Queue | Villager (Male) |
| 6:21 | Queue | Villager (Male) |
| 6:21 | Queue | Villager (Male) |
| 6:28 | Queue | Villager (Male) |
| 6:33 | Queue | Villager (Male) |
| 6:41 | Queue | Villager (Male) |
| 6:42 | Queue | Villager (Male) |
| 6:53 | Queue | Villager (Male) |
| 7:03 | Queue | Villager (Male) |
| 7:03 | Queue | Villager (Male) |
| 7:26 | Research | Feudal Age |
| 7:57 | Build | Mining Camp |
| 8:41 | Queue | Villager (Male) |
| 9:35 | Age | Feudal Age |
| 9:48 | Queue | Villager (Male) |
| 10:03 | Build | Market |
| 10:07 | Build | Blacksmith |
| 10:09 | Queue | Villager (Male) |
| 10:28 | Build | Farm |
| 10:40 | Queue | Villager (Male) |
| 10:56 | Build | Farm |
| 11:21 | Queue | Villager (Male) |
| 11:28 | Build | Farm |
| 11:28 | Build | Farm |
| 11:42 | Queue | Villager (Male) |
| 11:52 | Build | House |
| 11:53 | Build | House |
| 11:55 | Research | Loom |
| 12:06 | Queue | Villager (Male) |
| 12:19 | Queue | Villager (Male) |
| 12:24 | Build | House |
| 12:46 | Queue | Villager (Male) |
| 12:53 | Research | Castle Age |
| 12:58 | Queue | Villager (Male) |
| 13:12 | Build | Mining Camp |
| 13:19 | Build | Farm |
| 13:38 | Build | Lumber Camp |
| 14:13 | Research | Double-Bit Axe |
| 14:29 | Research | Horse Collar |
| 14:45 | Queue | Villager (Male) |
| 15:07 | Research | Wheelbarrow |
| 15:13 | Queue | Villager (Male) |
| 15:25 | Research | Stone Mining |
| 15:35 | Age | Castle Age |
| 15:37 | Queue | Villager (Male) |
| 15:58 | Queue | Villager (Male) |
| 16:28 | Build | Town Center |
| 16:28 | Queue | Villager (Male) |
| 16:30 | Queue | Villager (Male) |
| 16:47 | Queue | Villager (Male) |
| 16:47 | Queue | Villager (Male) |
| 16:52 | Research | Heavy Plow |
| 17:08 | Queue | Villager (Male) |
| 17:09 | Queue | Villager (Male) |
| 17:21 | Build | Farm |
| 17:21 | Build | Farm |
| 17:21 | Build | Farm |
| 17:39 | Queue | Villager (Male) |
| 17:39 | Queue | Villager (Male) |
| 17:43 | Queue | Villager (Male) |
| 18:00 | Build | Barracks |
| 18:02 | Queue | Villager (Male) |
| 18:02 | Queue | Villager (Male) |
| 18:16 | Queue | Villager (Male) |
| 18:17 | Queue | Villager (Male) |
| 18:32 | Build | Farm |
| 18:32 | Build | Farm |
| 18:38 | Queue | Villager (Male) |
| 18:38 | Queue | Villager (Male) |
| 18:42 | Queue | Villager (Male) |
| 18:53 | Build | Farm |
| 18:53 | Build | Farm |
| 19:00 | Queue | Villager (Male) |
| 19:00 | Queue | Villager (Male) |
| 19:12 | Queue | Villager (Male) |
| 19:12 | Queue | Villager (Male) |
| 19:28 | Research | Bow Saw |
| 19:28 | Queue | Villager (Male) |
| 19:29 | Queue | Villager (Male) |
| 19:33 | Build | Farm |
| 19:33 | Build | Farm |
| 19:41 | Queue | Villager (Male) |
| 19:41 | Queue | Villager (Male) |
| 19:56 | Build | Castle |
| 19:57 | Queue | Villager (Male) |
| 19:57 | Queue | Villager (Male) |
| 20:08 | Build | Lumber Camp |
| 20:12 | Queue | Villager (Male) |
| 20:17 | Queue | Villager (Male) |
| 20:18 | Queue | Villager (Male) |
| 20:33 | Queue | Villager (Male) |
| 20:33 | Queue | Villager (Male) |
| 20:53 | Build | Archery Range |
| 20:54 | Build | Archery Range |
| 20:55 | Queue | Villager (Male) |
| 20:55 | Queue | Villager (Male) |
| 21:00 | Build | House |
| 21:01 | Build | House |
| 21:02 | Build | House |
| 21:04 | Queue | Villager (Male) |
| 21:05 | Queue | Villager (Male) |
| 21:26 | Queue | Villager (Male) |
| 21:27 | Queue | Villager (Male) |
| 21:31 | Queue | Villager (Male) |
| 21:31 | Queue | Villager (Male) |
| 21:47 | Build | Mining Camp |
| 21:50 | Queue | Villager (Male) |
| 21:53 | Build | House |
| 21:54 | Build | House |
| 21:58 | Build | Farm |
| 21:58 | Build | Farm |
| 21:59 | Queue | Villager (Male) |
| 21:59 | Queue | Villager (Male) |
| 22:07 | Queue | Villager (Male) |
| 22:07 | Queue | Villager (Male) |
| 22:08 | Queue | Villager (Male) |
| 22:20 | Queue | Villager (Male) |
| 22:20 | Queue | Villager (Male) |
| 22:27 | Build | Farm |
| 22:27 | Build | Farm |
| 22:27 | Build | Farm |
Build order — |DD2E| Poloisses
First 150 of 667 actions detected
| 0:01 | Queue | Villager (Male) |
| 0:01 | Queue | Villager (Male) |
| 0:01 | Queue | Villager (Male) |
| 0:01 | Queue | Villager (Male) |
| 0:02 | Queue | Villager (Male) |
| 0:02 | Queue | Villager (Male) |
| 0:03 | Build | House |
| 0:05 | Build | House |
| 1:25 | Queue | Villager (Male) |
| 1:25 | Queue | Villager (Male) |
| 1:25 | Queue | Villager (Male) |
| 1:57 | Queue | Villager (Male) |
| 1:57 | Queue | Villager (Male) |
| 1:58 | Queue | Villager (Male) |
| 1:58 | Queue | Villager (Male) |
| 2:14 | Build | Lumber Camp |
| 2:21 | Queue | Villager (Male) |
| 2:21 | Queue | Villager (Male) |
| 2:22 | Queue | Villager (Male) |
| 2:22 | Queue | Villager (Male) |
| 2:41 | Queue | Villager (Male) |
| 2:41 | Queue | Villager (Male) |
| 2:41 | Queue | Villager (Male) |
| 3:05 | Queue | Villager (Male) |
| 3:06 | Queue | Villager (Male) |
| 3:06 | Queue | Villager (Male) |
| 3:06 | Queue | Villager (Male) |
| 3:40 | Queue | Villager (Male) |
| 3:40 | Queue | Villager (Male) |
| 3:52 | Queue | Villager (Male) |
| 3:56 | Build | House |
| 4:38 | Build | Mill |
| 4:42 | Queue | Villager (Male) |
| 4:43 | Queue | Villager (Male) |
| 4:43 | Queue | Villager (Male) |
| 5:34 | Queue | Villager (Male) |
| 5:34 | Queue | Villager (Male) |
| 5:44 | Build | House |
| 6:07 | Queue | Villager (Male) |
| 6:59 | Queue | Villager (Male) |
| 7:00 | Queue | Villager (Male) |
| 7:28 | Research | Feudal Age |
| 9:26 | Build | Farm |
| 9:39 | Build | Farm |
| 9:41 | Age | Feudal Age |
| 10:07 | Research | Castle Age |
| 10:07 | Research | Castle Age |
| 10:07 | Research | Castle Age |
| 10:12 | Build | House |
| 11:11 | Research | Double-Bit Axe |
| 11:13 | Research | Horse Collar |
| 12:20 | Queue | Villager (Male) |
| 12:20 | Queue | Villager (Male) |
| 12:46 | Age | Castle Age |
| 12:48 | Build | Town Center |
| 12:56 | Queue | Villager (Male) |
| 13:26 | Queue | Villager (Male) |
| 13:31 | Build | Farm |
| 13:34 | Build | Farm |
| 13:43 | Build | Farm |
| 13:48 | Queue | Villager (Male) |
| 14:06 | Queue | Villager (Male) |
| 14:25 | Research | Loom |
| 14:28 | Queue | Villager (Male) |
| 14:28 | Queue | Villager (Male) |
| 14:29 | Queue | Villager (Male) |
| 14:40 | Build | Town Center |
| 14:44 | Research | Town Watch |
| 14:46 | Queue | Villager (Male) |
| 14:46 | Queue | Villager (Male) |
| 14:51 | Build | Farm |
| 15:13 | Build | Farm |
| 15:18 | Build | Farm |
| 15:25 | Build | Farm |
| 15:26 | Queue | Villager (Male) |
| 15:26 | Queue | Villager (Male) |
| 15:26 | Queue | Villager (Male) |
| 15:26 | Queue | Villager (Male) |
| 15:35 | Build | Farm |
| 15:43 | Build | Farm |
| 15:45 | Queue | Villager (Male) |
| 15:45 | Queue | Villager (Male) |
| 15:45 | Queue | Villager (Male) |
| 15:49 | Queue | Villager (Male) |
| 15:49 | Queue | Villager (Male) |
| 15:49 | Queue | Villager (Male) |
| 15:49 | Queue | Villager (Male) |
| 15:57 | Build | House |
| 15:58 | Build | House |
| 16:44 | Queue | Villager (Male) |
| 16:46 | Queue | Villager (Male) |
| 16:47 | Queue | Villager (Male) |
| 16:49 | Queue | Villager (Male) |
| 17:03 | Queue | Villager (Male) |
| 17:04 | Queue | Villager (Male) |
| 17:09 | Build | Stable |
| 17:14 | Build | Farm |
| 17:16 | Build | Farm |
| 17:17 | Queue | Villager (Male) |
| 17:22 | Build | Farm |
| 17:31 | Build | House |
| 17:32 | Queue | Villager (Male) |
| 17:32 | Queue | Villager (Male) |
| 17:33 | Queue | Villager (Male) |
| 17:43 | Queue | Villager (Male) |
| 17:43 | Queue | Villager (Male) |
| 17:43 | Queue | Villager (Male) |
| 17:43 | Queue | Villager (Male) |
| 17:43 | Queue | Villager (Male) |
| 17:48 | Build | Farm |
| 17:52 | Build | Farm |
| 17:59 | Build | Farm |
| 18:00 | Queue | Villager (Male) |
| 18:01 | Queue | Knight |
| 18:01 | Queue | Knight |
| 18:09 | Build | Monastery |
| 18:12 | Queue | Villager (Male) |
| 18:12 | Queue | Villager (Male) |
| 18:23 | Build | Farm |
| 18:26 | Queue | Knight |
| 18:26 | Queue | Knight |
| 18:26 | Queue | Knight |
| 18:26 | Queue | Knight |
| 18:32 | Queue | Villager (Male) |
| 18:32 | Queue | Villager (Male) |
| 18:32 | Queue | Villager (Male) |
| 18:43 | Build | Farm |
| 18:44 | Queue | Villager (Male) |
| 18:44 | Queue | Villager (Male) |
| 18:44 | Queue | Villager (Male) |
| 18:44 | Queue | Villager (Male) |
| 18:47 | Build | Farm |
| 18:50 | Build | Farm |
| 18:51 | Queue | Villager (Male) |
| 18:51 | Queue | Villager (Male) |
| 18:51 | Queue | Villager (Male) |
| 18:56 | Build | Farm |
| 18:57 | Queue | Villager (Male) |
| 18:57 | Queue | Villager (Male) |
| 18:57 | Queue | Villager (Male) |
| 19:06 | Queue | Villager (Male) |
| 19:18 | Queue | Scout Cavalry |
| 19:18 | Queue | Scout Cavalry |
| 19:18 | Queue | Scout Cavalry |
| 19:22 | Queue | Villager (Male) |
| 19:27 | Build | House |
| 19:29 | Build | House |
| 19:31 | Build | House |
| 19:32 | Queue | Villager (Male) |
| 19:32 | Queue | Villager (Male) |
Build order — Eldiano
First 150 of 252 actions detected
| 0:00 | Queue | Villager (Male) |
| 0:01 | Queue | Villager (Male) |
| 0:02 | Build | House |
| 0:04 | Build | House |
| 0:52 | Queue | Villager (Male) |
| 0:52 | Queue | Villager (Male) |
| 1:33 | Queue | Villager (Male) |
| 1:47 | Build | Lumber Camp |
| 1:57 | Queue | Villager (Male) |
| 2:28 | Queue | Villager (Male) |
| 2:42 | Build | House |
| 2:43 | Build | House |
| 2:53 | Queue | Villager (Male) |
| 3:15 | Queue | Villager (Male) |
| 3:24 | Queue | Villager (Male) |
| 3:51 | Queue | Villager (Male) |
| 4:16 | Build | Mill |
| 4:30 | Queue | Villager (Male) |
| 4:49 | Queue | Villager (Male) |
| 5:03 | Queue | Villager (Male) |
| 5:45 | Build | Farm |
| 5:49 | Queue | Villager (Male) |
| 5:56 | Build | Farm |
| 6:11 | Queue | Villager (Male) |
| 6:20 | Queue | Villager (Male) |
| 6:51 | Build | Farm |
| 7:06 | Queue | Villager (Male) |
| 7:17 | Build | House |
| 7:32 | Queue | Villager (Male) |
| 7:34 | Queue | Villager (Male) |
| 8:21 | Queue | Villager (Male) |
| 8:36 | Queue | Villager (Male) |
| 8:36 | Queue | Villager (Male) |
| 9:02 | Build | Mining Camp |
| 9:15 | Queue | Villager (Male) |
| 9:16 | Research | Feudal Age |
| 9:43 | Build | Mining Camp |
| 10:12 | Queue | Villager (Male) |
| 10:12 | Queue | Villager (Male) |
| 10:48 | Build | Farm |
| 12:13 | Age | Feudal Age |
| 12:18 | Build | Market |
| 12:23 | Build | Blacksmith |
| 13:14 | Build | House |
| 13:15 | Research | Castle Age |
| 14:26 | Research | Double-Bit Axe |
| 14:28 | Research | Horse Collar |
| 14:52 | Build | Farm |
| 15:03 | Build | Farm |
| 15:04 | Build | Farm |
| 15:32 | Build | Farm |
| 15:55 | Age | Castle Age |
| 16:00 | Build | Town Center |
| 16:01 | Queue | Villager (Male) |
| 16:02 | Research | Bow Saw |
| 16:23 | Queue | Villager (Male) |
| 16:23 | Queue | Villager (Male) |
| 16:49 | Queue | Villager (Male) |
| 16:49 | Queue | Villager (Male) |
| 17:00 | Queue | Villager (Male) |
| 17:18 | Build | Castle |
| 17:21 | Queue | Villager (Male) |
| 17:27 | Build | Siege Workshop |
| 17:27 | Queue | Villager (Male) |
| 17:32 | Queue | Villager (Male) |
| 17:47 | Queue | Villager (Male) |
| 17:50 | Build | Farm |
| 17:50 | Queue | Villager (Male) |
| 18:06 | Research | Loom |
| 18:11 | Research | Town Watch |
| 18:26 | Queue | Mangonel |
| 18:26 | Queue | Mangonel |
| 18:48 | Queue | Mangonel |
| 18:56 | Queue | Genoese Crossbowman |
| 18:56 | Queue | Genoese Crossbowman |
| 18:58 | Research | Fletching |
| 18:58 | Research | Forging |
| 19:00 | Queue | Villager (Male) |
| 19:03 | Build | Farm |
| 19:05 | Build | Farm |
| 19:10 | Queue | Villager (Male) |
| 19:14 | Queue | Genoese Crossbowman |
| 19:18 | Queue | Genoese Crossbowman |
| 19:22 | Queue | Villager (Male) |
| 19:32 | Queue | Villager (Male) |
| 19:35 | Build | Lumber Camp |
| 19:56 | Queue | Genoese Crossbowman |
| 20:05 | Queue | Villager (Male) |
| 20:05 | Queue | Villager (Male) |
| 20:10 | Queue | Villager (Male) |
| 20:10 | Queue | Villager (Male) |
| 20:12 | Build | Farm |
| 20:30 | Research | Forging |
| 20:31 | Queue | Villager (Male) |
| 20:35 | Build | Farm |
| 21:05 | Build | Stone Wall |
| 21:06 | Queue | Villager (Male) |
| 21:10 | Queue | Villager (Male) |
| 21:18 | Queue | Villager (Male) |
| 21:18 | Queue | Villager (Male) |
| 21:30 | Build | Monastery |
| 21:34 | Queue | Mangonel |
| 21:46 | Build | Stone Wall |
| 21:47 | Queue | Villager (Male) |
| 21:48 | Queue | Villager (Male) |
| 21:51 | Queue | Villager (Male) |
| 21:57 | Build | Mill |
| 21:57 | Build | Farm |
| 21:58 | Build | Farm |
| 21:58 | Build | Farm |
| 21:58 | Build | Farm |
| 21:58 | Build | Farm |
| 22:11 | Queue | Villager (Male) |
| 22:13 | Queue | Genoese Crossbowman |
| 22:13 | Queue | Genoese Crossbowman |
| 22:24 | Queue | Genoese Crossbowman |
| 22:24 | Queue | Genoese Crossbowman |
| 22:25 | Queue | Villager (Male) |
| 22:33 | Build | House |
| 22:34 | Build | House |
| 22:35 | Build | House |
| 22:47 | Research | Wheelbarrow |
| 22:51 | Build | Farm |
| 23:29 | Queue | Villager (Male) |
| 23:38 | Research | Bodkin Arrow |
| 23:39 | Queue | Villager (Male) |
| 23:58 | Build | Gate |
| 23:59 | Queue | Villager (Male) |
| 24:11 | Queue | Genoese Crossbowman |
| 24:12 | Queue | Genoese Crossbowman |
| 24:14 | Research | Padded Archer Armor |
| 24:18 | Build | Farm |
| 24:19 | Queue | Villager (Male) |
| 24:22 | Build | Mill |
| 24:23 | Build | Farm |
| 24:23 | Build | Farm |
| 24:23 | Build | Farm |
| 24:23 | Build | Farm |
| 24:24 | Build | Farm |
| 24:24 | Build | Farm |
| 24:24 | Queue | Villager (Male) |
| 24:36 | Build | Stone Wall |
| 24:41 | Queue | Genoese Crossbowman |
| 24:47 | Queue | Genoese Crossbowman |
| 24:48 | Queue | Villager (Male) |
| 24:51 | Build | Farm |
| 24:58 | Research | Heavy Plow |
| 25:17 | Queue | Villager (Male) |
| 25:23 | Build | House |
| 25:24 | Build | House |
Match timeline
| 9:35 | Wakabayashi90 · age_up feudal |
| 9:41 | |DD2E| Poloisses · age_up feudal |
| 11:10 | DD2E Badu Lake · age_up feudal |
| 11:22 | Thorin Escudo de Roble · age_up feudal |
| 11:26 | 12345 · age_up feudal |
| 12:06 | DD2E 00000000 · age_up feudal |
| 12:11 | TodoCode · age_up feudal |
| 12:13 | Eldiano · age_up feudal |
| 12:46 | |DD2E| Poloisses · age_up castle |
| 14:11 | 12345 · first_building Barracks |
| 15:27 | Thorin Escudo de Roble · age_up castle |
| 15:35 | Wakabayashi90 · age_up castle |
| 15:36 | DD2E 00000000 · age_up castle |
| 15:41 | TodoCode · age_up castle |
| 15:47 | DD2E Badu Lake · age_up castle |
| 15:49 | Thorin Escudo de Roble · first_building Castle |
| 15:52 | DD2E Badu Lake · first_building Castle |
| 15:55 | Eldiano · age_up castle |
| 16:07 | TodoCode · first_building Castle |
| 16:22 | 12345 · first_building Archery Range |
| 16:56 | 12345 · first_building Stable |
| 16:57 | TodoCode · first_building Monastery |
| 17:09 | |DD2E| Poloisses · first_building Stable |
| 17:18 | Eldiano · first_building Castle |
| 17:27 | Eldiano · first_building Siege Workshop |
| 18:00 | Wakabayashi90 · first_building Barracks |
| 18:04 | TodoCode · first_market_sell 100 wood |
| 18:04 | TodoCode · first_market_buy 100 stone |
| 18:09 | |DD2E| Poloisses · first_building Monastery |
| 18:41 | Thorin Escudo de Roble · first_building Siege Workshop |
| 18:55 | Eldiano · first_market_sell 100 food |
| 19:07 | 12345 · age_up castle |
| 19:26 | Wakabayashi90 · first_market_buy 100 food |
| 19:40 | DD2E Badu Lake · wall_segment Stone Wall x3 |
| 19:43 | 12345 · first_building Monastery |
| 19:56 | DD2E Badu Lake · wall_segment Stone Wall x4 |
| 19:56 | Wakabayashi90 · first_building Castle |
| 20:28 | Eldiano · first_market_buy 100 food |
| 20:31 | DD2E Badu Lake · first_market_buy 100 food |
| 20:53 | Wakabayashi90 · first_building Archery Range |
| 21:05 | Eldiano · wall_segment Stone Wall x12 |
| 21:27 | DD2E Badu Lake · first_building Monastery |
| 21:30 | Eldiano · first_building Monastery |
| 21:46 | Eldiano · wall_segment Stone Wall x2 |
| 22:56 | DD2E 00000000 · first_market_buy 100 stone |
| 23:02 | DD2E Badu Lake · wall_segment Stone Wall x4 |
| 23:09 | DD2E 00000000 · first_building Castle |
| 23:16 | 12345 · first_building Castle |
| 24:36 | Eldiano · wall_segment Stone Wall x5 |
| 24:43 | DD2E 00000000 · first_building Barracks |
| 25:06 | DD2E Badu Lake · first_building Barracks |
| 25:33 | TodoCode · first_building Barracks |
| 25:44 | Thorin Escudo de Roble · age_up imperial |
| 25:50 | Thorin Escudo de Roble · wall_segment Palisade Wall x6 |
| 26:00 | Thorin Escudo de Roble · first_market_sell 100 food |
| 26:03 | |DD2E| Poloisses · first_market_sell 100 food |
| 26:29 | 12345 · wall_segment Stone Wall x1 |
| 26:30 | Wakabayashi90 · first_market_sell 100 wood |
| 26:31 | 12345 · wall_segment Stone Wall x1 |
| 26:31 | Thorin Escudo de Roble · first_building Barracks |
| 26:32 | 12345 · wall_segment Stone Wall x1 |
| 26:34 | 12345 · wall_segment Stone Wall x1 |
| 26:52 | TodoCode · wall_segment Palisade Wall x1 |
| 26:53 | TodoCode · wall_segment Palisade Wall x1 |
| 26:54 | Thorin Escudo de Roble · wall_segment Palisade Wall x1 |
| 26:58 | TodoCode · wall_segment Palisade Wall x1 |
| 27:13 | TodoCode · first_building Archery Range |
| 28:01 | TodoCode · age_up imperial |
| 28:13 | DD2E 00000000 · age_up imperial |
| 28:18 | Thorin Escudo de Roble · wall_segment Palisade Wall x1 |
| 28:30 | Thorin Escudo de Roble · wall_segment Stone Wall x1 |
| 28:52 | DD2E 00000000 · tribute_sent a jugador 1 |
| 28:52 | DD2E 00000000 · tribute_sent a jugador 2 |
| 28:52 | DD2E 00000000 · tribute_sent a jugador 3 |
| 28:52 | DD2E 00000000 · tribute_sent a jugador 5 |
| 28:52 | DD2E 00000000 · tribute_sent a jugador 6 |
| 28:52 | DD2E 00000000 · tribute_sent a jugador 7 |
| 28:52 | DD2E 00000000 · tribute_sent a jugador 8 |
| 29:09 | Thorin Escudo de Roble · wall_segment Stone Wall x1 |
| 29:17 | |DD2E| Poloisses · age_up imperial |
| 29:42 | Wakabayashi90 · age_up imperial |
| 29:50 | DD2E Badu Lake · first_building Archery Range |
| 30:05 | TodoCode · wall_segment Stone Wall x1 |
| 30:06 | DD2E Badu Lake · first_building Siege Workshop |
| 30:18 | |DD2E| Poloisses · first_building Siege Workshop |
| 30:28 | Thorin Escudo de Roble · first_building Stable |
| 30:35 | Eldiano · wall_segment Stone Wall x8 |
| 30:54 | DD2E 00000000 · tribute_sent a jugador 1 |
| 30:54 | DD2E 00000000 · tribute_sent a jugador 2 |
| 30:54 | DD2E 00000000 · tribute_sent a jugador 3 |
| 30:54 | DD2E 00000000 · tribute_sent a jugador 5 |
| 30:54 | DD2E 00000000 · tribute_sent a jugador 6 |
| 30:54 | DD2E 00000000 · tribute_sent a jugador 7 |
| 30:54 | DD2E 00000000 · tribute_sent a jugador 8 |
| 31:01 | Eldiano · age_up imperial |
| 31:44 | DD2E Badu Lake · wall_segment Stone Wall x8 |
| 32:08 | DD2E Badu Lake · wall_segment Stone Wall x1 |
| 32:11 | DD2E Badu Lake · wall_segment Stone Wall x1 |
| 32:14 | DD2E Badu Lake · wall_segment Stone Wall x2 |
| 32:15 | 12345 · age_up imperial |
| 33:02 | Eldiano · wall_segment Stone Wall x9 |
| 33:27 | Eldiano · first_building Barracks |
| 33:52 | Thorin Escudo de Roble · wall_segment Stone Wall x1 |
| 35:31 | |DD2E| Poloisses · first_building Castle |
| 36:01 | Eldiano · first_building Archery Range |
| 37:17 | 12345 · first_building Siege Workshop |
| 37:19 | |DD2E| Poloisses · first_building Archery Range |
| 38:07 | Thorin Escudo de Roble · first_market_buy 100 stone |
| 38:16 | |DD2E| Poloisses · first_market_buy 100 wood |
| 39:09 | DD2E 00000000 · first_market_sell 100 stone |
| 39:37 | Eldiano · resign |
| 40:49 | DD2E Badu Lake · age_up imperial |
| 41:47 | DD2E Badu Lake · wall_segment Stone Wall x1 |
| 42:55 | Thorin Escudo de Roble · wall_segment Stone Wall x1 |
| 43:08 | Thorin Escudo de Roble · wall_segment Stone Wall x1 |
| 43:11 | Thorin Escudo de Roble · wall_segment Stone Wall x1 |
| 43:13 | Thorin Escudo de Roble · wall_segment Stone Wall x1 |
| 43:15 | Thorin Escudo de Roble · wall_segment Stone Wall x1 |
| 43:18 | Thorin Escudo de Roble · wall_segment Stone Wall x1 |
| 43:44 | DD2E 00000000 · tribute_sent a jugador 1 |
| 43:44 | DD2E 00000000 · tribute_sent a jugador 2 |
| 43:44 | DD2E 00000000 · tribute_sent a jugador 3 |
| 43:44 | DD2E 00000000 · tribute_sent a jugador 5 |
| 43:44 | DD2E 00000000 · tribute_sent a jugador 6 |
| 43:44 | DD2E 00000000 · tribute_sent a jugador 7 |
| 43:44 | DD2E 00000000 · tribute_sent a jugador 8 |
| 44:42 | Thorin Escudo de Roble · first_building Archery Range |
[ AI ANALYSIS · 1 CREDIT ]
What really happened in this match?
Wolo.gg analyzes every decision: build order, eco, micro, common mistakes by bracket. Personalized analysis on WhatsApp or Discord in 30 seconds.
Civ guide
Bengalis
Perfil
Jugador #26040118